 Dungeon Crawl Stone Soup version 0.18.1-50-g88ac8fd (webtiles) character file.

5702 go0n the Spear-Bearer (level 10, -1/96 HPs)
             Began as a Minotaur Fighter on Sept 21, 2016.
             Was a Believer of Qazlal.
             Slain by a sky beast (6 damage)
             ... on level 9 of the Dungeon.
             The game lasted 00:33:22 (7129 turns).

go0n the Spear-Bearer (Minotaur Fighter)            Turns: 7129, Time: 00:33:23

Health: -1/96      AC: 16    Str: 33    XL:     10   Next: 48%
Magic:  9/9        EV:  8    Int:  5    God:    Qazlal [**....]
Gold:   391        SH: 22    Dex: 13    Spells: 0 memorised, 9 levels left

rFire  . . .     SeeInvis .     I - -1 trident (curse)
rCold  . . .     Gourm    .     B - +0 scale mail
rNeg   . . .     Faith    .     c - +3 shield
rPois  +         Spirit   .     (helmet restricted)
rElec  .         Dismiss  .     p - +2 cloak
rCorr  .         Reflect  +     (no gloves)
SustAt .         Harm     .     (no boots)
MR     .....                    q - +3 amulet of reflection
Stlth  ..........               M - +5 ring of strength
                                F - ring of poison resistance

@: mighty, very slightly contaminated, not resistant to hostile enchantments,
extremely unstealthy
A: retaliatory headbutt, horns 2, iridescent scales 1, large bone plates 1, thin
skeletal structure 1
a: Upheaval, Renounce Religion


You were on level 9 of the Dungeon.
You worshipped Qazlal.
Qazlal was pleased with you.
You were not hungry.

You visited 2 branches of the dungeon, and saw 10 of its levels.
You also visited: Sewer.

You collected 391 gold pieces.

Inventory:

Hand Weapons
 a - a +1 trident
 t - a +0 halberd
 C - a cursed +0 spear
 H - a +0 halberd
 I - a cursed -1 trident (weapon)
Missiles
 o - 7 poisoned javelins (quivered)
 u - 4 poisoned tomahawks
Armour
 c - a +3 shield (worn)
 k - a +0 chain mail
 m - a +0 ring mail
 p - a +2 cloak (worn)
 x - a +0 chain mail
 y - a +0 ring mail
 z - a +0 scale mail
 A - a +0 ring mail
 B - a +0 scale mail (worn)
 L - a +0 ring mail
 N - a +0 cloak
Jewellery
 g - an uncursed amulet of regeneration
 q - a +3 amulet of reflection (around neck)
 F - a ring of poison resistance (left hand)
 M - a +5 ring of strength (right hand)
Wands
 b - a wand of confusion (9/48)
 O - a wand of flame (29/48)
Scrolls
 e - 2 scrolls of fog
 h - 5 scrolls of identify
 j - 3 scrolls of enchant weapon
 l - a scroll of random uselessness
 s - a scroll of noise
Potions
 w - 4 potions of degeneration
Books
 i - a Fen Folio

   Spells                             Type                      Level
   a - Corpse Rot                     Necromancy                   2
   b - Stone Arrow                    Conjuration/Earth            3
   c - Leda's Liquefaction            Hexes/Earth                  4
   d - Summon Forest                  Summoning/Translocation      5
   e - Hydra Form                     Transmutation                6
   f - Summon Hydra                   Summoning                    7
 K - a book of Cantrips

   Spells                             Type                      Level
   a - Corona                         Hexes                        1
   b - Animate Skeleton               Necromancy                   1
   c - Summon Small Mammal            Summoning                    1
   d - Apportation                    Translocation                1
Comestibles
 f - 4 bread rations
 n - a beef jerky
 r - a meat ration
 J - 20 fruits


   Skills:
 + Level 11.2 Fighting
 * Level 14.8 Polearms
 - Level 3.6 Armour
 - Level 3.6 Shields


You had 9 spell levels left.
You didn't know any spells.

Dungeon Overview and Level Annotations

Branches:
Dungeon (9/15)             Temple (1/1) D:6
   Lair: D:8-11         Orc: D:9-12

Altars:
Ashenzari
Cheibriados
Dithmenos
Elyvilon
Fedhas
Gozag
Kikubaaqudgha
Makhleb
Nemelex Xobeh
Okawaru
Pakellas
Qazlal
Ru
Sif Muna
Trog
Vehumet
Xom
Yredelemnul
Zin
The Shining One


Innate Abilities, Weirdness & Mutations

You reflexively headbutt those who attack you in melee.
You have a pair of horns on your head.
You are partially covered in iridescent scales (AC +4).
You are partially covered in large bone plates (AC +2, SH +2).
You have a somewhat thin skeletal structure (Dex +2, Stealth).


Message History

Evoking this partially-identified wand wasted a few charges.
You block the worker ant's attack. The warg barely misses you.
You block the orc priest's attack. The warg bites you but does no damage.
You block the orc priest's attack.
Evoke which item? (* to show all) (? for menu, Esc to quit)
Zapping:
O - a wand of flame {zapped: 4} (will waste charges)
Press: ? - help, Shift-Dir - straight line, f - orc priest, p - warg
Aim: an orc priest, wielding a mace and wearing a scale mail (black smoke)
The puff of flame hits the orc priest.
The orc priest is heavily wounded.
Evoking this partially-identified wand wasted a few charges.
You block the worker ant's attack.
The orc priest hits you but does no damage.
The orc priest calls upon Beogh to heal the orc priest.
The orc priest is healed somewhat.
You block the wight's attack. You block the worker ant's attack.
Something hits you.
* * * LOW HITPOINT WARNING * * *
Something shocks you.
You die...

##+########
#.....§§§§#
#.....)§§§#
#....(.§oh#
#.!....§§a#
#<†....{zo#
#..))>.....@§#
##...###.....#
#..... #.....#
#......
#######
#.P.....
..P..o.Y
...!......


You could see a worker ant, a wight and an orc priest.

Vanquished Creatures
  Pikel (D:7)
  The ghost of Mungo the Covert, a novice SpAr (D:8)
  A two-headed ogre (D:8)
  Grinder (D:3)
  A hungry ghost (D:7)
  2 wargs (D:9)
  2 orc warriors
  2 slaves (D:7)
  2 phantoms (D:6)
  4 ogres
  4 black bears
  2 centaurs
  A crocodile (Sewer)
  The ghost of kolakolka the Digger, an amateur GrEE (D:3)
  3 big kobolds
  5 giant frogs
  A scorpion (D:4)
  7 howler monkeys
  7 wights
  3 quasits
  3 crimson imps
  A jelly (D:6)
  2 wasp zombies
  A giant frog zombie (D:7)
  A giant frog skeleton (D:8)
  5 hounds
  Crazy Yiuf (D:5)
  10 orc priests
  A centaur skeleton (D:6)
  2 iguanas
  6 orc wizards
  8 worker ants
  A killer bee zombie (D:6)
  13 adders
  10 gnolls
  2 shadow imps
  2 worms (D:2)
  7 giant geckos
  40 orcs
  3 ball pythons
  6 giant cockroaches
  6 goblins
  10 hobgoblins
  10 jackals
  3 quokkas
  11 bats
  6 giant newts
  20 kobolds
  A quokka skeleton (D:7)
  5 rats
248 creatures vanquished.

Vanquished Creatures (others)
  A centaur (D:7)
1 creature vanquished.

Grand Total: 249 creatures vanquished

Notes
Turn   | Place    | Note
--------------------------------------------------------------
     0 | D:1      | go0n the Minotaur Fighter began the quest for the Orb.
     0 | D:1      | Reached XP level 1. HP: 19/19 MP: 0/0
   218 | D:1      | Reached XP level 2. HP: 27/27 MP: 1/1
   259 | D:1      | Reached skill level 3 in Polearms
   750 | D:2      | Reached XP level 3. HP: 29/34 MP: 2/2
   807 | D:2      | Found an opulent altar of Gozag.
   896 | D:2      | Reached skill level 4 in Polearms
  1062 | D:2      | Found a shadowy altar of Dithmenos.
  1248 | D:2      | Reached XP level 4. HP: 41/41 MP: 3/3
  1434 | D:2      | Found an oddly glowing altar of Pakellas.
  1673 | D:3      | Noticed kolakolka's ghost (amateur GrEE)
  1699 | D:3      | Reached skill level 5 in Polearms
  1704 | D:3      | Reached skill level 5 in Fighting
  1704 | D:3      | Reached XP level 5. HP: 46/48 MP: 4/4
  1710 | D:3      | Killed kolakolka's ghost
  1710 | D:3      | Reached skill level 6 in Polearms
  2114 | D:3      | Found a glowing drain.
  2123 | Sewer    | Entered a sewer
  2189 | Sewer    | Noticed a crocodile
  2202 | Sewer    | Killed a crocodile
  2202 | Sewer    | Reached XP level 6. HP: 20/57 MP: 5/5
  2394 | D:3      | Noticed Grinder
  2395 | D:3      | Paralysed by Grinder for 3 turns
  2412 | D:3      | Killed Grinder
  2412 | D:3      | Reached skill level 7 in Polearms
  2412 | D:3      | Reached XP level 7. HP: 47/64 MP: 6/6
  2417 | D:3      | Gained mutation: You are partially covered in iridescent scales (AC +4). [potion of mutation]
  2417 | D:3      | Gained mutation: You have a somewhat thin skeletal structure (Dex +2, Stealth). [potion of mutation]
  2417 | D:3      | Gained mutation: You are partially covered in large bone plates (AC +2, SH +2). [potion of mutation]
  2995 | D:4      | Reached skill level 8 in Polearms
  3173 | D:4      | Reached skill level 9 in Polearms
  3310 | D:4      | Reached XP level 8. HP: 57/73 MP: 7/7
  3705 | D:5      | Entered Level 5 of the Dungeon
  3922 | D:5      | Found a snail-covered altar of Cheibriados.
  4306 | D:5      | Noticed Crazy Yiuf
  4314 | D:5      | Killed Crazy Yiuf
  4466 | D:6      | Reached skill level 10 in Polearms
  4491 | D:6      | Found a staircase to the Ecumenical Temple.
  4502 | Temple   | Entered the Ecumenical Temple
  4562 | Temple   | Became a worshipper of Qazlal Stormbringer
  4868 | D:6      | Got a bloodstained short sword
  4869 | D:6      | Identified the cursed +0 short sword "Vam Jeem" {venom, Dex+7} (You found it on level 6 of the Dungeon)
  4909 | D:6      | Reached skill level 11 in Polearms
  5142 | D:7      | Reached XP level 9. HP: 14/83 MP: 8/8
  5553 | D:7      | Reached * piety under Qazlal
  5577 | D:7      | Reached skill level 12 in Polearms
  5652 | D:7      | Found a bloodstained altar of Trog.
  5978 | D:7      | Found an iron altar of Okawaru.
  6103 | D:7      | Found a blossoming altar of Fedhas.
  6118 | D:7      | Noticed Pikel
  6157 | D:7      | Killed Pikel
  6157 | D:7      | Reached skill level 10 in Fighting
  6157 | D:7      | Reached skill level 13 in Polearms
  6333 | D:8      | Reached ** piety under Qazlal
  6335 | D:8      | Noticed Mungo's ghost (novice SpAr)
  6385 | D:8      | Killed Mungo's ghost
  6385 | D:8      | Reached XP level 10. HP: 73/94 MP: 9/9
  6406 | D:8      | Reached skill level 14 in Polearms
  6480 | D:8      | Found a deep blue altar of Sif Muna.
  7129 | D:9      | Slain by a sky beast

Skill      XL: |  1  2  3  4  5  6  7  8  9 10 |
---------------+-------------------------------+-----
Fighting       | 4 5 6 7 9 10 11 | 11.2
Polearms       | 3 4 5 6 7 9 11 13 14 | 14.8
Armour         | |  3.6
Shields        | |  3.6

Action                   |  1- 3 |  4- 6 |  7- 9 | 10-12 || total
-------------------------+-------+-------+-------+-------++-------
Melee: Trident           |    73 |   115 |   503 |    98 ||   789
       Headbutt          |     8 |    11 |   111 |    19 ||   149
Throw: Javelin           |       |       |     1 |       ||     1
Evoke: Wand              |       |       |     2 |     3 ||     5
  Use: Scroll            |     3 |     5 |    12 |     3 ||    23
       Potion            |       |     3 |     7 |     3 ||    13
  Eat: Chunk             |     1 |     2 |       |     2 ||     5
       Bread ration      |       |     1 |     2 |       ||     3
       Royal jelly       |       |       |     1 |       ||     1
       Pizza             |       |       |     1 |       ||     1
       Meat ration       |       |       |       |     1 ||     1
Armor: Scale mail        |    27 |    68 |   131 |    18 ||   244
Dodge: Dodged            |    30 |    49 |    83 |    16 ||   178
Block: Shield            |    43 |    76 |   331 |    98 ||   548
       Reflection        |       |       |    15 |     4 ||    19
